 Dungeon Crawl Stone Soup version 0.22-a0-542-gce4f928 (webtiles) character file.

82 inc the Chiller (level 4, -1/27 HPs)
             Began as an Octopode Ice Elementalist on June 24, 2018.
             Slain by an orc wizard
             ... wielding a +0 dagger
              (3 damage)
             ... on level 2 of the Dungeon.
             The game lasted 00:04:04 (2417 turns).

inc the Chiller (Octopode Ice Elementalist)         Turns: 2417, Time: 00:04:04

Health: -1/27      AC:  1    Str:  7    XL:     4   Next: 43%
Magic:  3/7        EV: 13    Int: 18    God:
Gold:   63         SH:  0    Dex: 12    Spells: 3/7 levels left

rFire    . . .     SeeInvis +   a - +0 short sword
rCold    . . .     Gourm    .   (no shield)
rNeg     . . .     Faith    .   (helmet restricted)
rPois    .         Spirit   .   g - amulet of regeneration
rElec    .         Reflect  .   j - ring of see invisible
rCorr    .         Harm     .   (no ring)
MR       .....                  (no ring)
Stlth    +++.......             (no ring)
HPRegen  0.49/turn              (no ring)
MPRegen  0.10/turn              (no ring)
                                (no ring)
                                (no ring)

@: very slightly contaminated
A: almost no armour, stealthy swim, amphibious, 8 rings, constrict 8, camouflage
1, gelatinous body 1
a: no special abilities


You were on level 2 of the Dungeon.
You were hungry.

You visited 1 branch of the dungeon, and saw 2 of its levels.

You collected 63 gold pieces.

Inventory:

Hand Weapons
 a - a +0 short sword (weapon)
Jewellery
 g - an amulet of regeneration (around mantle)
 j - a ring of see invisible (left tentacle)
 p - an uncursed ring of magical power {unknown}
Scrolls
 c - 3 scrolls of identify {unknown}
 e - 3 scrolls of blinking {unknown}
 h - 3 scrolls of enchant armour {unknown}
 k - a scroll of fog {unknown}
 m - a scroll of amnesia {unknown}
 n - a scroll of noise {unknown}
 o - a scroll of enchant weapon {unknown}
 q - a scroll of fear {unknown}
Potions
 d - a potion of mutation {unknown}
 f - 2 potions of curing {unknown}
 i - a potion of agility {unknown}
 l - a potion of lignification {unknown}
Comestibles
 b - 4 rations


   Skills:
 - Level 2.0 Dodging
 - Level 2.6 Stealth
 - Level 2.0 Spellcasting
   Level 1.0 Conjurations
 + Level 5.1 Ice Magic


You had 3 spell levels left.
You knew the following spells:

 Your Spells              Type           Power        Failure   Level  Hunger
a - Freeze                Ice            ###.         2%          1    #......
b - Ozocubu's Armour      Chrm/Ice       ##......     19%         3    ###....

Your spell library contained the following spells:

 Spells                   Type           Power        Failure   Level  Hunger
 Throw Frost              Conj/Ice       ##....       8%          2    ###....
 Summon Ice Beast         Ice/Summ       ##......     54%         4    #####..
 Throw Icicle             Conj/Ice       ##......     45%         4    #####..


Dungeon Overview and Level Annotations

Branches:
Dungeon (2/15)

Altars:
Okawaru


Innate Abilities, Weirdness & Mutations

You cannot wear most types of armour.
You are very stealthy in the water. (Stealth+)
You are amphibious.
You can wear up to eight rings at the same time.
You can use your tentacles to constrict eight enemies at once.
Your skin changes colour to match your surroundings (Stealth+).
Your rubbery body absorbs attacks. (AC +1, EV +1)


Message History

The orc wizard miscasts a cantrip.
The orc wizard points at you and mumbles some strange words.
The magic dart hits you!
* * * LOW HITPOINT WARNING * * *
You hit the orc wizard but do no damage.
You grab the orc wizard. You squeeze the orc wizard.
The orc wizard is lightly wounded.
You constrict the orc wizard. The orc wizard hits you with a dagger.
* * * LOW HITPOINT WARNING * * *
The orc wizard hits you with a dagger.
* * * LOW HITPOINT WARNING * * *
Casting: Ozocubu's Armour (safe; 19% risk of failure)
Confirm with . or Enter, or press ? or * to list all spells.
Aiming: Freeze (safe; 2% risk of failure)
Press: ? - help, Shift-Dir - straight line, f - orc wizard
Aim: an orc wizard, wielding a dagger and wearing a robe (moderately wounded, constricted by you, fast, slightly transparent)
You freeze the orc wizard.
The orc wizard is almost dead.
You constrict the orc wizard. The orc wizard hits you with a dagger.
You die...

.........###.#####
.###.###.# #.....#
.# #.# #.###.#.#.#
.###.# #.....#.#.#
.....#####.###.#.#
.(...(...>.# #.#.#
.##..####### #.#.#
.##..##### #.#.#
.##......#
#.#@#######
####.###.#
#.o.....# .. #.#
#.# #######.# ##
#.# #.# #.##
#.###.## #..##
#......# #...###
#.#####..####.#
#...P≈#
..............#
#o..P♣#
#.#####.#######
#♣≈..≈♣♣##


You could see an orc wizard (invisible).

Vanquished Creatures
  Robin (D:2)
  A gnoll (D:2)
  A leopard gecko (D:1)
  9 bats
  4 giant cockroaches
  13 goblins
  9 hobgoblins
  4 jackals (D:1)
  4 kobolds (D:1)
  A ball python (D:1)
  3 frilled lizards
  4 rats
54 creatures vanquished.

Notes
Turn   | Place    | Note
-------+----------+-------------------------------------------
     0 | D:1      | inc the Octopode Ice Elementalist began the quest for the Orb.
     0 | D:1      | Reached XP level 1. HP: 11/11 MP: 3/3
   308 | D:1      | Reached XP level 2. HP: 17/17 MP: 5/5
   703 | D:1      | Reached skill level 4 in Ice Magic
   945 | D:1      | Reached XP level 3. HP: 16/21 MP: 2/6
  1362 | D:1      | Learned a level 3 spell: Ozocubu's Armour
  2059 | D:2      | Noticed Robin
  2076 | D:2      | Reached XP level 4. HP: 11/27 MP: 2/7
  2150 | D:2      | Killed Robin
  2150 | D:2      | Reached skill level 5 in Ice Magic
  2373 | D:2      | Found an iron altar of Okawaru.
  2417 | D:2      | Slain by an orc wizard

Vault maps used:
D:1:      scummos_arrival_gate
D:2:      lemuel_upstairs_altar, okawaru_gym_becter, serial_bayou,
          serial_bayou_lagoon_b, serial_bayou_ford_a, serial_bayou_pond_b,
          uniq_robin

Skill      XL: |  1  2  3  4 |
---------------+-------------+-----
Ice Magic      | 4 5 |  5.1
Dodging        | |  2.0
Stealth        | |  2.6
Spellcasting   | |  2.0
Conjurations   | |  1.0

Action                   |  1- 3 |  4- 6 || total
-------------------------+-------+-------++-------
Melee: Unarmed           |    18 |       ||    18
       Constrict         |    24 |     6 ||    30
       Short sword       |    68 |    30 ||    98
       Tentacles         |    13 |     6 ||    19
 Cast: Freeze            |    14 |     5 ||    19
       Ozocubu's Armour  |     2 |     3 ||     5
 Stab: Sleeping          |     8 |     1 ||     9
  Eat: Chunk             |     3 |     2 ||     5
Armor: Skin              |     8 |     2 ||    10
Dodge: Dodged            |    75 |    23 ||    98

Table legend:
 A = Spawn XP
 B = Non-spawn XP
 C = Spawn XP percentage of total XP
 D = Spawn monster count
 E = Non-spawn monster count
 F = Spawn count percentage of total count
 G = Total turns spent on level
                    A         B        C        D         E        F      G
               +---------+---------+-------+---------+---------+-------+---------
         Total |       0 |     118 |   0.0 |       0 |      54 |   0.0 |  2417
               +---------+---------+-------+---------+---------+-------+---------
           D:1 |       0 |      51 |   0.0 |       0 |      30 |   0.0 |  1677
           D:2 |       0 |      67 |   0.0 |       0 |      24 |   0.0 |   740
               +---------+---------+-------+---------+---------+-------+---------
